 Dungeon Crawl Stone Soup version 0.30.0-29-ga12c61a403 (webtiles) character file.

Game seed: 8093774832830011974

548585 5155yf4g the Minotaur Barricade (level 24, -1/235 HPs)
             Began as a Minotaur Berserker on June 17, 2023.
             Was the Champion of Trog.
             Slain by an Orb Guardian (23 damage)
             ... on level 5 of the Realm of Zot on June 20, 2023.
             The game lasted 14:37:43 (71420 turns).

5155yf4g the Minotaur Barricade (MiBe)             Turns: 71420, Time: 14:38:13

Health: -1/235     AC: 43    Str: 31 (32) XL:     24   Next: 98%
Magic:  5/28       EV: 13    Int:  4      God:    Trog [******]
Gold:   3502       SH: 20    Dex: 14 (15) Spells: 23/23 levels left

rFire   + . .        a - +9 broad axe (flame)
rCold   + . .        Z - +2 kite shield {reflect}
rNeg    + + .        j - +2 gold dragon scales
rPois   +            o - +2 hat {SInv}
rElec   +            N - +4 dragonskin cloak
rCorr   .            r - +3 Mad Mage's Maulers {Infuse+∞ VampMP -Cast}
SInv    +            n - +1 pair of boots
Will    +++++        s - amulet of the Four Winds {rN+ Will+++ Clar} Stlth
                     d - ring of Plog {MP+9 Str+3 Slay+3}
HPRegen 1.59/turn    L - ring "Hyzxowipha" {rElec rN+ Dex+2}
MPRegen 0.21/turn

%: no spellcasting, reflection, clarity, infuse magic (5 MP)
@: marked, strong-willed, flying, contaminated, regenerating, slowed, glowing,
unable to read, unable to drink, very slow
A: horns 2, retaliatory headbutt, clumsy 1, deterioration 2, low MP 1, subdued
magic 1, inability to read after injury 1
}: 3/15 runes: decaying, silver, gossamer
a: Renounce Religion, Berserk, Trog's Hand, Brothers in Arms


You were on level 5 of the Realm of Zot.
You worshipped Trog.
Trog was exalted by your worship.
You visited 9 branches of the dungeon, and saw 47 of its levels.
You also visited: Trove and Gauntlet.

You collected 8675 gold pieces.
You spent 5173 gold pieces at shops.

Inventory:

Hand Weapons
 a - a +9 broad axe of flaming (weapon)
Missiles
 e - 4 boomerangs of dispersal
 k - 5 datura-tipped darts
 D - 9 curare-tipped darts
 J - 46 stones (quivered)
 K - 34 poisoned darts
 O - a silver javelin
 T - 14 atropa-tipped darts
Armour
 j - +2 gold dragon scales (worn)
 n - a +1 pair of boots (worn)
 o - a +2 hat of see invisible (worn)
 r - the +3 Mad Mage's Maulers (worn) {Infuse+∞ VampMP -Cast}
   (You found it on level 3 of the Vaults)

   Infuse+∞: It empowers its wearer's blows with all of their magic.
   VampMP:    Blows struck in melee replenish the wearer's magic.
   -Cast:     It prevents spellcasting.
 N - the +4 dragonskin cloak (worn)
   (You took it off Tiamat on level 1 of the Realm of Zot)

   Avatar's Aegis: It grants the wearer a chance to resist fire, cold, poison,
   electricity, acid, and negative energy.
 Z - a +2 kite shield of reflection (worn)
Jewellery
 b - the ring of the Gloaming {rF+ Int+4}
   (You found it in a treasure trove)

   [ring of protection from fire]

   Int:       It affects your intelligence (+4).
   rF:        It protects you from fire.
 c - the ring "Xyev" {rF+ Will+ Dex+3}
   (You found it on level 3 of the Vaults)

   [ring of protection from fire]

   Dex:       It affects your dexterity (+3).
   rF:        It protects you from fire.
   Will:      It increases your willpower.
 d - the ring of Plog (left hand) {MP+9 Str+3 Slay+3}
   (You found it in a treasure trove)

   [ring of magical power]

   Str:       It affects your strength (+3).
   Slay:      It affects your accuracy & damage with ranged weapons and melee
   (+3).
   MP:        It affects your magic capacity (+9).
 g - the ring "Paeg" {rPois rN+ Str+6}
   (You took it off a deep elf elementalist on level 3 of the Elven Halls)

   [ring of strength]

   Str:       It affects your strength (+6).
   rPois:     It protects you from poison.
   rN:        It protects you from negative energy.
 s - the amulet of the Four Winds (around neck) {rN+ Will+++ Clar}
   (You took it off a vault warden on level 5 of the Vaults)

   [amulet of nothing]

   rN:        It protects you from negative energy.
   Clar:      It protects you from confusion, rage, mesmerisation and fear.
   Will:      It greatly increases your willpower.
 t - a ring of flight
 A - the ring "Zaoxtalo" {rCorr Dex+2 SInv Stlth+}
   (You took it off an orc knight on level 3 of the Vaults)

   [ring of see invisible]

   Dex:       It affects your dexterity (+2).
   SInv:      It lets you see invisible.
   rCorr:     It protects you from acid and corrosion.
   Stlth:     It makes you more stealthy.
 L - the ring "Hyzxowipha" (right hand) {rElec rN+ Dex+2}
   (You took it off a minotaur in a Gauntlet)

   [ring of positive energy]

   Dex:       It affects your dexterity (+2).
   rElec:     It insulates you from electricity.
   rN:        It protects you from negative energy.
 U - the ring "Joiryx" {rPois rC++ EV+5}
   (You took it off a deep elf sorcerer on level 3 of the Elven Halls)

   [ring of evasion]

   EV:        It affects your evasion (+5).
   rC:        It greatly protects you from cold.
   rPois:     It protects you from poison.
Wands
 w - a wand of roots (57)
 E - a wand of acid (17)
 G - a wand of mindburst (42)
 P - a wand of charming (62)
 Q - a wand of flame (64)
 V - a wand of digging (37)
 X - a wand of polymorph (37)
Scrolls
 i - 9 scrolls of fear
 q - 3 scrolls of magic mapping
 u - 17 scrolls of teleportation
 y - 7 scrolls of fog
 B - 2 scrolls of summoning
 W - 9 scrolls of poison
Potions
 f - 4 potions of invisibility
 h - 4 potions of heal wounds
 l - 8 potions of haste
 m - 7 potions of might
 x - 16 potions of curing
 z - 8 potions of berserk rage
 H - 3 potions of cancellation
 I - 8 potions of flight
 R - a potion of resistance
Miscellaneous
 C - a phantom mirror
 Y - a phial of floods (inert)


   Skills:
 - Level 23.0 Fighting
 - Level 21.9 Axes
 + Level 21.2 Throwing
 + Level 24.7 Armour
 - Level 12.5 Dodging
 O Level 27 Shields
 - Level 10.2 Evocations


You had 23 spell levels left.
You didn't know any spells.
Your spell library was empty.

Dungeon Overview and Level Annotations

Branches:
Dungeon (15/15)            Temple (0/1) D:5            Lair (5/5) D:11
  Swamp (4/4) Lair:3       Spider (4/4) Lair:3        Slime (0/5) Lair:4
    Orc (2/2) D:9             Elf (3/3) Orc:2        Vaults (5/5) D:14
  Crypt (0/3) Vaults:3     Depths (4/4) D:15            Zot (5/5) Depths:4
Gauntlet (visited)

Altars:
Dithmenos
Hepliaklqana
Qazlal
Sif Muna
Vehumet
The Shining One
Jiyva
Lugonu

Shops:
D:1 *   D:3 [*([   D:6 (   D:12 [   D:13 !   D:14 :(   D:15 (   Orc:2 !=(*
Elf:1 [   Elf:2 ::=   Elf:3 ?=:   Vaults:1 [   Depths:2 (

Portals:
Hell: Depths:1 Depths:2 Depths:3 Depths:4
Abyss: Depths:1 Depths:2 Depths:3
Pandemonium: Depths:2 Depths:4
Ziggurat: Depths:2

Annotations:
D:4 1 runed translucent door, BONEBRO's ghost, amateur HOFi
D:12 2 runed translucent doors, 5155yf4g's ghost, journeyman TrBe
D:14 3 runed translucent doors, Fecro's ghost, journeyman SpBr; Jiolyugh's ghost, journeyman GrEE
Lair:3 3 runed translucent doors, turdburglar's ghost, journeyman MiGl
Spider:4 exclusion: 2 ice statues
Vaults:4 1 exclusion


Innate Abilities, Weirdness & Mutations

You have a pair of horns on your head.
You reflexively headbutt those who attack you in melee.
You are clumsy. (Dex -2)
Your body often deteriorates upon taking damage.
Your magical capacity is low. (-10% MP)
Your spells are a little easier to cast, but a little less powerful.
You occasionally lose the ability to read scrolls when taking damage.


Message History

You slice the Orb Guardian!! You burn the Orb Guardian.
You block the death cob's attack. The Orb Guardian hits you!!!
Your body deteriorates!
You feel weakened. The Orb Guardian closely misses you.
You furiously retaliate!
You headbutt the Orb Guardian! The death cob hits you!
The death cob drains your vigour!
You feel as though you will be slow longer.
You block the Orb Guardian's attack. The Orb Guardian hits you!!!
You feel threatened and lose the ability to read scrolls!
The Orb Guardian hits you.
* * * LOW HITPOINT WARNING * * *
You block the moth of wrath's attack.
The electric golem fails to trigger a net trap.
The death cob misses you. You furiously retaliate!
You headbutt the death cob!
The Orb Guardian hits you but does no damage.
You cannot read scrolls in your current state!
Aim the phial where?
Press: ? - help, Q - select action, (/) - cycle Shift-Dir - straight line, f - Orb Guardian
Aim: an Orb Guardian (lightly wounded, berserk)
The torrent of water hits the Orb Guardian!
The Orb Guardian is lightly wounded.
The Orb Guardian is engulfed in water.
The wave splashes down.
The white draconian is engulfed in water.
The Orb Guardian is engulfed in water. x3
The moth of wrath is engulfed in water.
The Orb Guardian is engulfed in water. x2
You block the Orb Guardian's attack.
The death cob hits you but does no damage.
The Orb Guardian hits you but does no damage.
You block the Orb Guardian's attack. The Orb Guardian hits you!!!
* * * LOW HITPOINT WARNING * * *
The death cob splashes around in the water.
You hear a loud "Zot"!
The power of Zot is invoked against you!
You are contaminated with residual magic.
You block the Orb Guardian's attack. You block the moth of wrath's attack.
The Killer Klown blinks!
A death cob comes into view.
The Orb Guardian hits you!!
You die...

*▓▓▓▓▓▓▓▓▓▓▓▓▓▓
****.......~dX@y.▓▓**
**,,,.......~~XzXX...▓**
**,,,,.......~X~XX......▓▓
*,,,,,.........X*....^...▓ ***▓▓▓
*,,,,,......y............▓**,,...
**,,,,......X............▓*,,,...
**,,,....9..............▓,,,,^..
**,,...^.......§..p..z§.,,,,.0.
**,,,....§......^§......▓,,,,..^


You could see an orb of fire, a Killer Klown, an electric golem, a tentacled
monstrosity, a white draconian (unsilenced, waterlogged), 2 death cobs, 8 Orb
Guardians, a ghost moth (invisible) and a moth of wrath (unsilenced,
waterlogged).

Vanquished Creatures
  2 dread liches (Vaults:4)
  2 orbs of fire (Zot:5)
  2 ancient liches
  2 juggernauts
  Boris (Depths:4)
  Bai Suzhen (Vaults:3)
  A Killer Klown (Zot:3)
  7 golden dragons
  The ghost of suzumiya the Executioner, an adept MiGl of Yredelemnul (Vaults:3)
  10 tentacled monstrosities
  Jorgrun (D:14)
  A walking earthen tome (Depths:4)
  11 Orb Guardians (Zot:5)
  Asterion (Spider:4)
  3 liches
  6 quicksilver dragons
  2 deep elf blademasters (Elf:3)
  A quicksilver dragon (shapeshifter) (Vaults:5)
  4 titans
  2 deep elf master archers (Elf:3)
  3 death cobs
  Agnes (Elf:1)
  4 sphinxes
  3 thorn hunters (Swamp:2)
  5 storm dragons
  6 tengu reavers
  Kirke (Swamp:1)
  7 shadow dragons
  A fenstrider witch (Swamp:2)
  9 draconian knights
  10 fire giants
  11 frost giants
  5 iron dragons
  3 ghost moths
  4 draconian scorchers
  10 deep elf sorcerers
  2 draconian monks (Zot:2)
  11 vault wardens
  17 ironbound preservers
  12 draconian shifters
  4 orc warlords
  Aizul (Swamp:1)
  2 ghouls (Swamp:4)
  2 broodmothers
  6 draconian annihilators
  3 draconian stormcallers
  3 deep elf elementalists
  9 very ugly things
  4 spriggan defenders (Depths:3)
  19 stone giants
  3 war gargoyles
  11 ironbound thunderhulks
  5 eleionomae
  2 vampire knights
  12 green draconians
  The ghost of CInkIbrahim the Tortoise, a journeyman GrFi of Gozag (Orc:1)
  6 deep elf demonologists
  14 black draconians
  A minotaur (Gauntlet)
  10 red draconians
  8 deep elf annihilators
  9 dire elephants
  9 purple draconians
  11 yellow draconians
  4 spark wasps
  5 bunyips
  An eidolon (Vaults:1)
  12 white draconians
  6 deep elf death magi
  Josephine (Orc:1)
  A crystal guardian (Vaults:2)
  9 deep elf high priests
  10 ettins
  4 shambling mangroves
  2 entropy weavers (Spider:1)
  30 vault guards
  4 fire dragons
  Harold (Lair:1)
  17 yaktaur captains
  23 hydras
  7 great orbs of eyes
  A ghost crab (Swamp:4)
  A salamander tyrant (Depths:2)
  4 ice dragons
  A hell beast (Depths:2)
  3 rakshasas
  5 ogre magi
  2 peacekeepers
  9 ironbound frosthearts
  A radroach (Spider:1)
  10 centaur warriors
  3 spriggan air magi
  3 alligators
  10 boulder beetles
  6 jorogumos
  4 deep troll earth magi
  31 dancing weapons
  10 two-headed ogres
  A death knight (D:14)
  2 catoblepae
  5 deep troll shamans
  14 tengu warriors
  5 death scarabs (Spider:4)
  A titan zombie (Vaults:2)
  6 orc high priests
  Urug (Lair:1)
  A sun demon (Depths:2)
  16 deep elf knights
  2 soul eaters (Depths:2)
  7 spriggan berserkers
  8 hell knights
  2 skysharks
  4 skeletal warriors (D:11)
  A fire crab (D:15)
  A sun moth (Spider:3)
  8 pharaoh ants
  6 goliath frogs
  Lodul (D:14)
  A death drake (Swamp:3)
  3 iron trolls
  63 deep trolls
  A death drake (shapeshifter) (Vaults:4)
  2 sixfirhies
  7 spriggan druids
  2 flayed ghosts
  9 orb spiders
  An obsidian statue (Elf:2)
  An orange crystal statue (Elf:2)
  10 swamp dragons
  A lindwurm (shapeshifter) (Vaults:4)
  2 glowing orange brains
  6 phantasmal warriors
  5 wizards
  2 bog bodies
  10 lindwurms
  A spectral wolf spider (Spider:4)
  24 deep elf archers
  34 deep elf zephyrmancers
  7 steelbarb worms
  4 necromancers
  22 orc knights
  10 ironbound convokers
  16 ugly things
  31 deep elf pyromancers
  A human zombie (Vaults:2)
  A frost giant zombie (Vaults:2)
  2 manticores
  5 oklob plants
  24 wolf spiders
  A faun (shapeshifter) (Vaults:4)
  A tengu skeleton (Vaults:2)
  8 elephants
  3 cyclopes
  8 will-o-the-wisps
  4 salamanders (Depths:2)
  4 orc sorcerers
  22 moths of wrath
  4 black mambas
  15 slime creatures
  A guardian serpent (shapeshifter) (Depths:1)
  An ice statue (Gauntlet)
  An elf zombie (Vaults:4)
  2 smoke demons
  6 demonic crawlers
  2 gargoyles (D:11)
  An orange demon (Depths:2)
  17 vault sentinels
  24 cane toads
  4 torpor snails
  6 rime drakes
  An unseen horror (Depths:3)
  A rime drake (shapeshifter) (Vaults:5)
  Maggie (D:9)
  2 spectral redbacks (Spider:4)
  A komodo dragon (shapeshifter) (Depths:2)
  8 komodo dragons
  2 freezing wraiths
  30 yaktaurs
  4 tengu conjurers
  3 human skeletons
  A troll (shapeshifter) (D:13)
  3 spectral jumping spiders (Spider:4)
  4 large abominations (Depths:3)
  16 hornets
  7 trolls
  A tarantella zombie (Spider:4)
  26 tarantellas
  4 spectral tarantellas (Spider:4)
  14 tyrant leeches
  4 spectral culicivoras (Spider:4)
  2 jumping spider zombies (Spider:4)
  9 dream sheep
  18 blink frogs
  A spectral orc (Orc:1)
  5 air elementals
  27 jumping spiders
  14 spriggans
  21 culicivoras
  3 vampires
  A shadow (D:9)
  A culicivora (shapeshifter) (Depths:2)
  Sigmund (D:2)
  2 centaur simulacra
  8 wraiths
  5 fire elementals
  4 water elementals
  24 yaks
  3 wyverns
  11 humans (D:14)
  A redback (shapeshifter) (Vaults:4)
  Grum (D:10)
  3 basilisks
  A hog (shapeshifter) (D:14)
  3 steam dragons
  Menkaure (D:4)
  3 hogs (Swamp:1)
  3 chaos spawn
  53 redbacks
  A warg (Orc:2)
  32 vampire mosquitoes
  2 acid dragons
  12 swamp worms
  11 water moccasins
  A floating eye (Depths:4)
  A meliai simulacrum (Gauntlet)
  22 orc warriors
  13 swamp drakes
  2 black bears
  4 ice beasts
  A sky beast (D:8)
  8 wolves
  A boggart (shapeshifter) (Vaults:4)
  19 ogres
  7 centaurs
  Blork the orc (D:3)
  2 kobold brigands
  2 gnoll sergeants
  A necrophage (Swamp:4)
  8 scorpions
  24 bullfrogs
  9 small abominations (Depths:3)
  2 earth elementals
  10 wights (D:7)
  16 killer bees
  10 howler monkeys
  6 electric eels
  3 crimson imps (Gauntlet)
  A wyvern simulacrum (Gauntlet)
  Crazy Yiuf (D:3)
  2 jellies
  24 orc priests
  A hound (D:6)
  Natasha (D:2)
  2 iguanas (Lair:3)
  22 orc wizards
  2 troll simulacra (Orc:1)
  8 gnolls
  6 adders
  An ogre simulacrum (Orc:1)
  A shadow imp (D:6)
  2 white imps (D:6)
  2 ufetubi (Gauntlet)
  4 orc simulacra (Orc:1)
  2 worms
  2 dart slugs
  79 orcs
  6 bats
  8 endoplasms
  6 giant cockroaches
  A goblin (D:1)
  5 hobgoblins
  6 jackals
  19 kobolds
  3 quokkas
  8 ball pythons
  4 frilled lizards
  2 rats
  A spectral weapon (Spider:4)
1942 creatures vanquished.

Vanquished Creatures (collateral kills)
  An orb of fire (Zot:5)
  Tiamat (Zot:1)
  2 Orb Guardians (Zot:5)
  A draconian monk (Zot:5)
  2 shadow dragons
  A draconian scorcher (Zot:1)
  2 purple draconians (Zot:1)
10 creatures vanquished.

Vanquished Creatures (others)
  A lich (Vaults:1)
  A fire giant (Depths:4)
  A deep elf knight (Elf:2)
  A wizard (Vaults:1)
  A deep elf pyromancer (Elf:2)
  23 foxfires
28 creatures vanquished.

Grand Total: 1980 creatures vanquished

Notes
Turn   | Place    | Note
-------+----------+-------------------------------------------
     0 | D:1      | 5155yf4g the Minotaur Berserker began the quest for the
                  | Orb.
     0 | D:1      | Reached XP level 1. HP: 19/19 MP: 0/0
    87 | D:1      | Found Jutzerr's Assorted Antiques.
   128 | D:1      | Reached XP level 2. HP: 26/26 MP: 1/1
   466 | D:1      | Reached skill level 5 in Axes
   467 | D:1      | Reached ** piety under Trog
   537 | D:1      | Reached XP level 3. HP: 31/31 MP: 2/2
  1123 | D:2      | Noticed Sigmund
  1141 | D:2      | Killed Sigmund
  1142 | D:2      | Reached XP level 4. HP: 12/39 MP: 3/3
  1142 | D:2      | Reached XP level 5. HP: 14/45 MP: 4/4
  1321 | D:2      | Noticed Natasha
  1324 | D:2      | Killed Natasha
  1778 | D:3      | Found a runed translucent door.
  1779 | D:3      | Noticed Crazy Yiuf
  1858 | D:3      | Killed Crazy Yiuf
  1922 | D:3      | Reached XP level 6. HP: 51/51 MP: 5/5
  2115 | D:3      | Found a transporter.
  2157 | D:3      | Found Caes's Antique Weapon Boutique.
  2197 | D:3      | Found Gogegime's Armour Boutique.
  2207 | D:3      | Found a transporter.
  2210 | D:3      | Found Puzol's Assorted Antiques.
  2318 | D:3      | Reached *** piety under Trog
  2326 | D:3      | Found Maceil's Armour Shop.
  2693 | D:4      | Reached XP level 7. HP: 50/57 MP: 6/6
  2705 | D:4      | Reached skill level 10 in Axes
  2727 | D:4      | Noticed Blork the orc
  2734 | D:4      | Noticed Menkaure
  2739 | D:3      | Killed Blork the orc
  3166 | D:4      | Killed Menkaure
  3218 | D:4      | Found a runed translucent door.
  3220 | D:4      | Noticed BONEBRO's ghost (amateur HOFi)
  3246 | D:5      | Entered Level 5 of the Dungeon
  3286 | D:5      | Reached XP level 8. HP: 64/64 MP: 7/7
  3555 | D:5      | Found a radiant altar of Vehumet.
  3736 | D:5      | Found a hazy altar of Hepliaklqana.
  3736 | D:5      | Found a shadowy altar of Dithmenos.
  3737 | D:5      | Found a stormy altar of Qazlal.
  3926 | D:5      | Found a staircase to the Ecumenical Temple.
  4560 | D:6      | Reached **** piety under Trog
  4707 | D:6      | Reached XP level 9. HP: 46/70 MP: 8/8
  4958 | D:6      | Found Duilasol's Antique Weapon Boutique.
  5242 | D:7      | Reached skill level 15 in Axes
  5460 | D:7      | Reached skill level 1 in Throwing
  6230 | D:8      | Noticed a rime drake
  6231 | D:8      | Noticed a rime drake
  6231 | D:8      | Noticed a rime drake
  6241 | D:8      | Killed a rime drake
  6241 | D:8      | Killed a rime drake
  6242 | D:8      | Reached skill level 5 in Armour
  6242 | D:8      | Found the +4 skin of Zhor {*Englaciate rC+++ SInv}
  6244 | D:8      | Killed a rime drake
  6245 | D:8      | Reached XP level 10. HP: 77/77 MP: 9/9
  6506 | D:8      | Found a glowing golden altar of the Shining One.
  6643 | D:8      | Reached ***** piety under Trog
  6660 | D:8      | Reached skill level 5 in Throwing
  7142 | D:9      | Noticed a deep elf pyromancer
  7376 | D:9      | Killed a deep elf pyromancer
  7602 | D:9      | Found a staircase to the Orcish Mines.
  7665 | D:9      | Noticed Maggie
  7685 | D:9      | Killed Maggie
  7889 | D:9      | Reached XP level 11. HP: 82/82 MP: 10/10
  8298 | D:10     | Entered Level 10 of the Dungeon
  8302 | D:10     | Noticed Grum
  8316 | D:10     | Killed Grum
  8644 | D:10     | Noticed a two-headed ogre
  8652 | D:10     | Killed a two-headed ogre
  9908 | D:3      | Bought a +3 plate armour of cold resistance for 630 gold
                  | pieces
 10066 | D:11     | Noticed a boulder beetle
 10080 | D:11     | Killed a boulder beetle
 10247 | D:11     | Identified the +1 glaive "Kuox" {vamp, Fragile rPois rF+
                  | Dex+6}
 10250 | D:11     | Found a staircase to the Lair.
 10343 | D:11     | Received a gift from Trog
 10416 | D:11     | Reached skill level 10 in Armour
 10481 | D:11     | You fall into a shaft and drop 1 floor!
 10525 | D:11     | Noticed a skeletal warrior
 10526 | D:11     | Noticed a skeletal warrior
 10527 | D:11     | Noticed a two-headed ogre
 10527 | D:11     | Noticed a skeletal warrior
 10621 | D:12     | Found a large runed translucent door.
 10621 | D:12     | Found a large runed translucent door.
 10625 | D:12     | Noticed 5155yf4g's ghost (journeyman TrBe)
 10771 | D:12     | Noticed a green ugly thing
 10786 | D:12     | Killed a green ugly thing
 10904 | D:12     | Found Affihubb's Armour Shoppe.
 11365 | D:12     | Noticed a two-headed ogre
 11374 | D:12     | Killed a two-headed ogre
 11627 | Orc:1    | Entered Level 1 of the Orcish Mines
 11724 | Orc:1    | Reached skill level 1 in Evocations
 11724 | Orc:1    | Reached XP level 12. HP: 81/90 MP: 11/11
 11801 | Orc:1    | Found a runed translucent gate.
 11801 | Orc:1    | Found a runed translucent gate.
 11801 | Orc:1    | Found a runed translucent gate.
 11807 | Orc:1    | Noticed CInkIbrahim's ghost (journeyman GrFi)
 11953 | Orc:2    | Entered Level 2 of the Orcish Mines
 12538 | Orc:2    | Noticed an orc high priest
 12541 | Orc:2    | Noticed an orc high priest
 12554 | Orc:2    | Killed an orc high priest
 12560 | Orc:2    | Killed an orc high priest
 12658 | Orc:2    | Noticed an orc high priest
 12667 | Orc:2    | Received a gift from Trog
 12769 | Orc:2    | Reached skill level 10 in Throwing
 12777 | Orc:2    | Killed an orc high priest
 12936 | Orc:2    | Found Xiysterixy's Assorted Antiques.
 12936 | Orc:2    | Found Taagg's Distillery.
 12939 | Orc:2    | Found Iwnoet's Antique Weapon Boutique.
 12939 | Orc:2    | Found Qenoplor's Jewellery Shoppe.
 12951 | Orc:2    | Bought a potion of lignification for 36 gold pieces
 13098 | Orc:2    | Found a staircase to the Elven Halls.
 13420 | Orc:2    | Bought an amulet of reflection for 420 gold pieces
 13564 | Lair:1   | Entered Level 1 of the Lair of Beasts
 13673 | Lair:1   | Noticed a boulder beetle
 13680 | Lair:1   | Killed a boulder beetle
 13681 | Lair:1   | Reached skill level 1 in Shields
 13681 | Lair:1   | Reached skill level 5 in Evocations
 13857 | Lair:1   | Reached skill level 2 in Shields
 13885 | Lair:1   | Noticed a boulder beetle
 13904 | Lair:1   | Killed a boulder beetle
 13913 | Lair:1   | Reached XP level 13. HP: 97/97 MP: 12/12
 14134 | Lair:1   | Noticed Harold
 14146 | Lair:1   | Killed Harold
 14275 | Lair:1   | Noticed Urug
 14290 | Lair:1   | Killed Urug
 14634 | Lair:2   | Reached skill level 3 in Shields
 14748 | Lair:2   | Found a gate leading to a gauntlet.
 14760 | Gauntlet | Entered a Gauntlet
 14760 | Gauntlet | Found a transporter.
 14760 | Gauntlet | Found a transporter.
 14781 | Gauntlet | Found a transporter.
 14783 | Gauntlet | Found a transporter.
 14794 | Gauntlet | Found a transporter.
 14816 | Gauntlet | Found a transporter.
 14824 | Gauntlet | Found a transporter.
 14836 | Gauntlet | Found a transporter.
 14845 | Gauntlet | Found a transporter.
 14903 | Gauntlet | Found a transporter.
 14920 | Gauntlet | Found a transporter.
 14934 | Gauntlet | Found a transporter.
 14992 | Gauntlet | Reached skill level 5 in Fighting
 15028 | Gauntlet | Identified the +4 hand axe of Wyrd {heavy, rN++ Str-4
                  | Dex+5}
 15209 | Gauntlet | Identified 2 scrolls of acquirement
 15248 | Gauntlet | Identified the ring "Hyzxowipha" {rElec rN+ Dex+2}
 15248 | Gauntlet | Noticed a minotaur
 15264 | Gauntlet | Killed a minotaur
 16144 | Lair:3   | Reached skill level 4 in Shields
 16783 | Lair:3   | Found a hole to the Spider Nest.
 16829 | Lair:3   | Found a runed translucent gate.
 16829 | Lair:3   | Found a runed translucent gate.
 16829 | Lair:3   | Found a runed translucent gate.
 16917 | Lair:3   | Reached skill level 5 in Dodging
 16938 | Lair:3   | Reached skill level 5 in Shields
 17065 | Lair:3   | Received a gift from Trog
 17403 | Lair:3   | Found a staircase to the Swamp.
 17597 | Lair:3   | Noticed turdburglar's ghost (journeyman MiGl)
 17600 | Lair:3   | Found a viscous altar of Jiyva.
 17879 | Lair:4   | Found a staircase to the Slime Pits.
 18141 | Lair:4   | Reached XP level 14. HP: 113/113 MP: 13/13
 18475 | Lair:4   | Reached skill level 6 in Shields
 19078 | Lair:5   | Entered Level 5 of the Lair of Beasts
 19664 | Lair:5   | Reached ****** piety under Trog
 19748 | Lair:5   | Reached skill level 7 in Shields
 19750 | Lair:5   | Received a gift from Trog
 19898 | Lair:5   | Identified the staff of cold "Synont" {rElec rC+}
 20506 | Orc:1    | Noticed Josephine
 20511 | Orc:1    | Killed Josephine
 21064 | Orc:2    | Bought a runed broad axe for 266 gold pieces
 21071 | Orc:2    | Bought a runed cloak for 285 gold pieces
 21541 | D:11     | Reached skill level 8 in Shields
 22065 | D:3      | Bought a pair of embroidered boots for 180 gold pieces
 22078 | D:3      | Bought a pair of embroidered boots for 180 gold pieces
 22282 | Orc:2    | Bought a scroll of identify for 76 gold pieces
 22282 | Orc:2    | Bought a scroll of identify for 76 gold pieces
 22286 | Orc:2    | Acquired the +0 pair of gloves "Muops" {Str+5 Stlth+}
 22892 | D:13     | Found Itum's Distillery.
 23157 | D:13     | Identified the amulet "Peasouc" {Faith rC+ Str+2 Int+2}
 23464 | D:14     | Noticed Lodul
 23492 | D:14     | Killed Lodul
 23498 | D:14     | Reached skill level 9 in Shields
 23569 | D:14     | Reached skill level 10 in Fighting
 23607 | D:14     | Reached XP level 15. HP: 126/126 MP: 14/14
 23682 | D:14     | Found Runawud's Weapon Boutique.
 23717 | D:14     | Received a gift from Trog
 23740 | D:14     | Found a gate to the Vaults.
 23841 | D:14     | Reached skill level 10 in Shields
 24055 | D:14     | Found Veonaluph's Book Boutique.
 24055 | D:14     | Noticed Jorgrun
 24065 | D:14     | Killed Jorgrun
 24177 | D:14     | Found a runed translucent gate.
 24177 | D:14     | Found a runed translucent gate.
 24177 | D:14     | Found a runed translucent gate.
 24178 | D:14     | Noticed Jiolyugh's ghost (journeyman GrEE)
 24178 | D:14     | Noticed Fecro's ghost (journeyman SpBr)
 24591 | D:15     | Entered Level 15 of the Dungeon
 24605 | D:15     | Found a portal to a secret trove of treasure.
 25042 | D:15     | Found Qulen's Weapon Emporium.
 25099 | D:15     | Reached skill level 11 in Shields
 25226 | D:15     | Found a staircase to the Depths.
 25848 | Spider:1 | Entered Level 1 of the Spider Nest
 26040 | Spider:1 | Reached skill level 12 in Shields
 26236 | Spider:1 | Received a gift from Trog
 26683 | Spider:1 | Reached skill level 13 in Shields
 27006 | Spider:2 | Reached XP level 16. HP: 145/145 MP: 15/15
 27462 | Spider:2 | Received a gift from Trog
 27463 | Spider:2 | Reached skill level 14 in Shields
 28202 | Spider:3 | Reached skill level 15 in Fighting
 28501 | Spider:3 | Reached skill level 15 in Shields
 28990 | Spider:3 | Acquired the +0 hat of the Unseen Realm {+Blink rElec Int+6
                  | Dex-5}
 29167 | Spider:4 | Entered Level 4 of the Spider Nest
 29167 | Spider:4 | Noticed Asterion
 29711 | Spider:4 | Paralysed by a jorogumo for 3 turns
 29833 | Spider:4 | Got a gossamer rune of Zot
 30069 | Spider:4 | Reached skill level 16 in Shields
 30079 | Spider:4 | Reached XP level 17. HP: 140/156 MP: 16/16
 30119 | Spider:4 | Killed Asterion
 30643 | D:13     | Bought a potion of flight for 39 gold pieces
 30643 | D:13     | Bought a potion of mutation for 104 gold pieces
 30856 | Orc:2    | Bought a scroll labelled IRPHA SILYEJIAQ for 38 gold pieces
 31086 | D:3      | Bought a scroll labelled OLEFER FURU for 24 gold pieces
 31286 | Orc:2    | Bought a scroll of acquirement for 1976 gold pieces
 31486 | Spider:1 | Acquired the +3 pair of gloves "Rahuot" {rN+ Regen+}
 31549 | Swamp:1  | Entered Level 1 of the Swamp
 31637 | Swamp:1  | Noticed Aizul
 31648 | Swamp:1  | Killed Aizul
 32016 | Swamp:1  | Noticed Kirke
 32028 | Swamp:1  | Killed Kirke
 32105 | Swamp:2  | Received a gift from Trog
 32373 | Swamp:2  | Identified the +4 chain mail of the Heron {Str+5 Dex+4}
 32839 | Swamp:2  | Reached skill level 17 in Shields
 33371 | Swamp:2  | Noticed a tentacled monstrosity
 33383 | Swamp:2  | Killed a tentacled monstrosity
 33678 | Swamp:3  | Received a gift from Trog
 34264 | Swamp:4  | Entered Level 4 of the Swamp
 34847 | Swamp:4  | Reached XP level 18. HP: 172/172 MP: 17/17
 34928 | Swamp:4  | Reached skill level 18 in Shields
 35080 | Swamp:4  | Got a decaying rune of Zot
 35654 | Vaults:1 | Entered Level 1 of the Vaults
 35937 | Vaults:1 | Received a gift from Trog
 36630 | Vaults:1 | Noticed a lich
 36631 | Vaults:1 | Noticed an ancient lich
 36642 | Vaults:1 | Killed a lich
 36659 | Vaults:1 | Reached skill level 15 in Throwing
 36697 | Vaults:1 | Killed an ancient lich
 37234 | Vaults:1 | Found Bete's Armour Boutique.
 37327 | Vaults:1 | Reached skill level 19 in Shields
 37612 | Vaults:2 | Received a gift from Trog
 38745 | Vaults:2 | Reached XP level 19. HP: 154/182 MP: 18/18
 38795 | Vaults:2 | Received a gift from Trog
 39254 | Vaults:2 | Reached skill level 10 in Dodging
 39467 | Vaults:3 | Noticed Bai Suzhen
 39482 | Vaults:3 | Killed Bai Suzhen
 39574 | Vaults:3 | Identified the ring "Xyev" {rF+ Will+ Dex+3}
 39715 | Vaults:3 | Found a runed translucent gate.
 39715 | Vaults:3 | Found a runed translucent gate.
 39715 | Vaults:3 | Found a runed translucent gate.
 39715 | Vaults:3 | Noticed suzumiya's ghost (adept MiGl)
 39716 | Vaults:3 | Identified the +1 chain mail "Lonaca Vuacs" {rF+ rN+}
 39716 | Vaults:3 | Identified the +0 kite shield of the Lair of Beasts {Int+5
                  | Dex+3}
 39718 | Vaults:3 | Found the +3 Mad Mage's Maulers {Infuse+∞ VampMP -Cast}
 39838 | Vaults:3 | Reached skill level 20 in Shields
 39874 | Vaults:3 | You fall into a shaft and drop 1 floor!
 39889 | Vaults:4 | Identified the +5 spear "Meaklist" {heavy, rPois rC+
                  | Stlth+}
 39917 | Vaults:4 | Reached skill level 15 in Armour
 40039 | Vaults:4 | Received a gift from Trog
 41392 | Vaults:3 | Found a staircase to the Crypt.
 41730 | Vaults:3 | Identified the ring "Zaoxtalo" {rCorr Dex+2 SInv Stlth+}
 42247 | Orc:1    | Killed CInkIbrahim's ghost
 42259 | Orc:1    | Identified the amulet "Gionliycs" {Spirit rF+}
 42741 | Vaults:4 | Received a gift from Trog
 43311 | Vaults:4 | Identified the orb of the Louse {*channel, Rampage rC+++
                  | Regen+ Int-4}
 43410 | Vaults:4 | Reached XP level 20. HP: 185/191 MP: 19/19
 44727 | Elf:1    | Entered Level 1 of the Elven Halls
 45471 | Elf:1    | Paralysed by an air elemental for 1 turns
 45510 | Elf:1    | Received a gift from Trog
 45511 | Elf:1    | Reached skill level 10 in Evocations
 45710 | Elf:1    | Paralysed by an air elemental for 1 turns
 45859 | Elf:1    | Found Caem's Antique Armour Boutique.
 46010 | Elf:1    | Noticed Agnes
 46022 | Elf:1    | Killed Agnes
 46080 | Elf:1    | Identified the +8 war axe of Skirmishing {flame, rPois
                  | Str-5 Dex+4} (Trog gifted it to you on level 1 of the Elven
                  | Halls)
 46080 | Elf:1    | Received a gift from Trog
 46600 | Elf:2    | Found Nelluhel's Jewellery Shop.
 46600 | Elf:2    | Found Zesmot's Book Shoppe.
 46601 | Elf:2    | Found Kaki's Book Shoppe.
 46764 | Elf:2    | Found a radiant altar of Vehumet.
 46966 | Elf:3    | Entered Level 3 of the Elven Halls
 47068 | Elf:3    | Found a shimmering blue altar of Sif Muna.
 47069 | Elf:3    | Found Lioker's Magic Scroll Shoppe.
 47072 | Elf:3    | Bought a scroll of identify for 34 gold pieces
 47072 | Elf:3    | Bought a scroll of identify for 34 gold pieces
 47072 | Elf:3    | Bought a scroll of identify for 34 gold pieces
 48007 | Elf:3    | Received a gift from Trog
 48030 | Elf:3    | Identified the ring "Paeg" {rPois rN+ Str+6}
 48144 | Elf:3    | Identified the +3 leather armour of Wafent {*Corrode rF+
                  | Will+}
 48174 | Elf:3    | Identified the staff of poison "Locve" {rPois Int+5 Dex+4
                  | Stlth+}
 48223 | Elf:3    | Identified the +5 scale mail "Viskarubb" {rC+ Stlth+}
 48238 | Elf:3    | Identified the +8 plate armour "Jal Wot" {Regen+ rCorr
                  | Str-4 Int+7}
 48287 | Elf:3    | Identified the ring "Joiryx" {rPois rC++ EV+5}
 48315 | Elf:3    | Identified the amulet "Ajets" {Faith Dex+5}
 48752 | Elf:3    | Found Worchiof's Book Shoppe.
 48757 | Elf:3    | Found Qogreess's Jewellery Boutique.
 48782 | Elf:3    | Reached XP level 21. HP: 197/201 MP: 20/20
 48818 | Elf:3    | Received a gift from Trog
 49580 | Elf:2    | Found a runed translucent gate.
 49581 | Elf:2    | Found a runed translucent gate.
 49582 | Elf:2    | Found a runed translucent gate.
 49695 | Elf:2    | Reached skill level 21 in Shields
 49868 | Elf:2    | Identified the +8 hand axe of Dismay {flame, rF+} (Trog
                  | gifted it to you on level 2 of the Elven Halls)
 49868 | Elf:2    | Received a gift from Trog
 50172 | Elf:1    | Bought a pair of glowing gloves for 285 gold pieces
 50665 | Vaults:5 | Entered Level 5 of the Vaults
 50918 | Vaults:5 | Noticed a dread lich
 50946 | Vaults:4 | Killed a dread lich
 51592 | Vaults:5 | Identified the +5 eveningstar of Watchfulness {freeze,
                  | Dex+5}
 51751 | Vaults:5 | Received a gift from Trog
 51864 | Vaults:5 | Noticed a dread lich
 51875 | Vaults:4 | Killed a dread lich
 51876 | Vaults:4 | Reached skill level 22 in Shields
 51876 | Vaults:4 | Reached XP level 22. HP: 212/213 MP: 21/21
 52031 | Vaults:5 | Noticed a golden dragon
 52057 | Vaults:4 | Killed a golden dragon
 52144 | Vaults:5 | Identified the ring "Cehygoj" {Drain rF+ MP+9 Int+6}
 52278 | Vaults:5 | Noticed an ancient lich
 52317 | Vaults:5 | Killed an ancient lich
 52662 | Vaults:5 | Received a gift from Trog
 53276 | Vaults:5 | Identified the +0 pair of gloves "Zigexaf" {rElec Will+
                  | Stlth+}
 53376 | Vaults:5 | Identified the +0 ring mail "Nempaxoj" {rF+ Will+ rCorr}
 53385 | Vaults:5 | Got a silver rune of Zot
 53579 | Vaults:5 | Identified the +8 dire flail of the Sun {heavy, SInv}
 54248 | Orc:2    | Bought 2 potions of heal wounds for 120 gold pieces
 54248 | Orc:2    | Bought a potion of resistance for 120 gold pieces
 54248 | Orc:2    | Bought a potion of cancellation for 96 gold pieces
 54248 | Orc:2    | Bought a potion of resistance for 120 gold pieces
 54477 | D:15     | You paid a toll of 4 potions of resistance to enter a
                  | treasure trove
 54478 | Trove    | Entered a treasure trove
 54529 | Trove    | Identified the +6 broad axe of Nightmares {freeze, rCorr
                  | Int+3}
 54538 | Trove    | Identified the +0 pair of gloves of Parlour Games {Dex+3}
 54570 | Trove    | Identified the ring of the Gloaming {rF+ Int+4}
 54575 | Trove    | Identified the ring of Plog {MP+9 Str+3 Slay+3}
 54900 | Vaults:3 | Killed suzumiya's ghost
 55206 | Depths:1 | Entered Level 1 of the Depths
 55206 | Depths:1 | Found a corrupted altar of Lugonu.
 55206 | Depths:1 | Found a one-way gate to the infinite horrors of the Abyss.
 55388 | Depths:1 | Found a gateway to Hell.
 55419 | Depths:1 | Reached skill level 23 in Shields
 56205 | Depths:2 | Noticed a juggernaut
 56216 | Depths:2 | Killed a juggernaut
 57513 | Depths:2 | Found Vier's Weapon Shoppe.
 57559 | Depths:2 | Received a gift from Trog
 57897 | Depths:2 | Found a shadowy altar of Dithmenos.
 58058 | Depths:2 | Found a one-way gateway to a ziggurat.
 58187 | Depths:2 | Reached XP level 23. HP: 219/220 MP: 5/22
 58207 | Depths:2 | Found a one-way gate leading to the halls of Pandemonium.
 58750 | Depths:2 | You fall into a shaft and drop 2 floors!
 58750 | Depths:4 | Entered Level 4 of the Depths
 59030 | Depths:4 | Reached skill level 24 in Shields
 59273 | Depths:3 | Received a gift from Trog
 61276 | Depths:4 | Noticed Boris
 61287 | Depths:4 | Killed Boris
 61306 | Depths:4 | Noticed a juggernaut
 61466 | Depths:3 | Killed a juggernaut
 62648 | Depths:4 | Reached skill level 25 in Shields
 63564 | Depths:4 | Found a gate to the Realm of Zot.
 63757 | Zot:1    | Entered Level 1 of the Realm of Zot
 63859 | Zot:1    | Received a gift from Trog
 65231 | Zot:1    | Found the +4 dragonskin cloak
 65231 | Zot:1    | Noticed Tiamat
 65235 | Zot:1    | Reached skill level 26 in Shields
 65256 | Zot:1    | Identified the +8 quarterstaff "Melo" {heavy, rElec rF+
                  | Str+3} (Trog gifted it to you on level 1 of the Realm of
                  | Zot)
 65256 | Zot:1    | Received a gift from Trog
 65281 | Zot:1    | Killed Tiamat
 65294 | Zot:1    | Reached XP level 24. HP: 54/235 MP: 4/22
 68095 | Zot:3    | Received a gift from Trog
 68268 | Zot:3    | Noticed a Killer Klown
 68283 | Zot:3    | Killed a Killer Klown
 68293 | Zot:3    | Reached skill level 27 in Shields
 70892 | Zot:5    | Entered Level 5 of the Realm of Zot
 70892 | Zot:5    | Noticed a Killer Klown
 70892 | Zot:5    | Noticed an orb of fire
 70892 | Zot:5    | Noticed an orb of fire
 70892 | Zot:5    | Noticed an orb of fire
 70896 | Zot:5    | Gained mutation: Your body sometimes deteriorates upon
                  | taking damage. [an orb of fire]
 70909 | Zot:5    | Gained mutation: You are clumsy. (Dex -2) [an orb of fire]
 70910 | Zot:5    | Gained mutation: You occasionally lose the ability to read
                  | scrolls when taking damage. [an orb of fire]
 70912 | Zot:5    | Killed an orb of fire
 70914 | Zot:5    | Gained mutation: Your magical capacity is low. (-10% MP)
                  | [an orb of fire]
 70918 | Zot:5    | Killed an orb of fire
 70930 | Zot:5    | Killed an orb of fire
 71407 | Zot:5    | Noticed a Killer Klown
 71407 | Zot:5    | Noticed an orb of fire
 71407 | Zot:5    | Noticed an ancient lich
 71408 | Zot:5    | Gained mutation: Your spells are a little easier to cast,
                  | but a little less powerful. [an orb of fire]
 71408 | Zot:5    | Gained mutation: Your body often deteriorates upon taking
                  | damage. [an orb of fire]
 71420 | Zot:5    | Slain by an Orb Guardian

Illustrated notes

Levels and vault maps discovered:
D:1:      amcnicky_arrival_flooded_fountain, layout_loops_corners, serial_shops,
          shop, minmay_box_of_dots
D:2:      layout_basic, uniq_sigmund, uniq_natasha
D:3:      layout_loops_ring, serial_shops, nicolae_shop_drivethru,
          nicolae_shop_tiny_waterfront, shop, nicolae_shop_scrapyard,
          wander_ebering_terrifying_dragon_lair, uniq_crazy_yiuf_cottage
D:4:      layout_basic, ebering_ghost_sewer_d, minmay_pentomino_pile,
          uniq_menkaure, uniq_blork_the_orc
D:5:      layout_basic, nicolae_vehumet_altar_sigil,
          gammafunk_temple_overflow_forgotten, minmay_temple_entry_butterflies
D:6:      kennysheep_steamy, layout_basic, serial_shops, nicolae_stop_n_shop_1
D:7:      layout_loops_ring, minmay_stone_trees_small
D:8:      minmay_bubble_buster, layout_loops_ring,
          nicolae_overflow_hidden_temple, glass_columns_a,
          hellmonk_guarded_unrand_zhor
D:9:      layout_irregular_city, orc_0_dummy, uniq_maggie
D:10:     layout_basic, uniq_grum
D:11:     layout_rooms, lair_entry_dummy
D:12:     layout_gridville, ebering_ghost_disaster_area, serial_shops,
          nicolae_shop_trees
D:13:     layout_basic, serial_shops, nicolae_shop_stone
D:14:     layout_basic, ximxim_vaults_locker_room, serial_shops, shop, shop,
          gammafunk_ghost_cemetery, uniq_lodul, uniq_jorgrun
D:15:     grunt_enter_depths_snipers, layout_basic, serial_shops, shop,
          minmay_misc_feat_nine_boxes, enter_trove_2, drop_trap,
          serial_park_tiny_pond
Lair:1:   layout_cave_pods, uniq_harold, uniq_urug
Lair:2:   layout_small_grid, gauntlet_entry_generic,
          chequers_serial_rivers_room_a
Lair:3:   layout_regular_city, palyth_hydra_swamp_entry, spider_nest_entry_webs,
          gammafunk_ghost_ooze, grunt_megastairs_1
Lair:4:   layout_roguey, minmay_slime_entry_oklob_open,
          nicolae_quartered_pool_super, serial_bayou_shore_b,
          grunt_megastairs_3, serial_bayou_shore_a
Lair:5:   minmay_lair_end_frog_pond, layout_hall_layers, serial_bayou_shore_b
Swamp:1:  layout_falls_marsh, evilmike_swamp_ruin_house_3, uniq_kirke,
          uniq_aizul
Swamp:2:  nzn_winding_woodlands_medium [nzn_winding_woodlands_5x5_open_star,
          nzn_winding_woodlands_5x15_longhouse,
          nzn_winding_woodlands_5x5_checkerboard,
          nzn_winding_woodlands_5x5_cross,
          nzn_winding_woodlands_center_triple_pond,
          nzn_winding_woodlands_hourglass, nzn_winding_woodlands_5x5_perimeter,
          nzn_winding_woodlands_5x15_eye, nzn_winding_woodlands_5x5_three],
          layout_basic_swamp, nicolae_swamp_oxbows, swamp_pool5
Swamp:3:  layout_falls_marsh, hangedman_swamp_pad
Swamp:4:  swamp, layout_basic_swamp, swamp_pool1, infiniplex_staircase_pool
Spider:1: layout_spider_delve, hellmonk_spider_spawner,
          hangedman_spider_tarantella_strand
Spider:2: layout_spider_delve
Spider:3: layout_spider_delve, nicolae_spider_circle_web
Spider:4: floodkiller_spider_rune_tomb, portal_ice_cave_entry_ice_statue_two,
          uniq_asterion
Orc:1:    layout_diamond_mine, basic_altar, gammafunk_ghost_necromancy,
          uniq_josephine
Orc:2:    grunt_orc_tribal_feast, layout_diamond_mine
Elf:1:    elf_arrival_002, layout_loops_corners, serial_shops, shop,
          minmay_elf_crystal_hexagon, feat_on_display, uniq_agnes
Elf:2:    nicolae_elf_blades_splatter_lattice [nicolae_blade_bullseye],
          layout_gridlike, roderic_roman_lattice, guppyfry_elf_altar,
          minmay_shop_grove
Elf:3:    minmay_elf_hall_spiked, layout_gridlike, serial_shops, shop,
          nicolae_shop_tiny_real_fake_doors, shop, basic_altar, minivault_27,
          small_chamber_with_monster
Vaults:1: nicolae_vaults_spaceships, nicolae_vaults_you_can_take_it_with_you,
          nicolae_vaults_little_squares_6, nicolae_vaults_circle_grid_b,
          v_misc_22, vaults_dpeg_diagonal, v_misc_15, nicolae_vaults_theta,
          vaults_room_semicircle, v_misc_15, nicolae_vaults_rhombus_5,
          nicolae_vaults_octothorpe, nicolae_vaults_wine_cellar,
          layout_vaults_omnicross, serial_shops, shop
Vaults:2: vaults_room_corners, v_misc_12, nicolae_vaults_specimen_jars,
          ontoclasm_vaults_decontamination, vaults_mumra_chevron,
          vaults_room_boxed, vaults_dpeg_encased_lava,
          nicolae_vaults_circle_grid_a, v_misc_8, nicolae_vaults_network_s,
          v_misc_28, nicolae_vaults_ellipses_ellipsis, ontoclasm_vaults_tryst,
          vaults_mumra_lcd, nicolae_vaults_circle_grid_b,
          layout_vaults_maze_bifur
Vaults:3: biasface_ghost_orc_armoury, nicolae_vaults_little_squares_6,
          nicolae_vaults_what_the_h, nicolae_vaults_closet_pinwheel_5,
          minmay_crypt_entry_nasty_monster, v_misc_18, vaults_room_pools,
          nicolae_vaults_heart-shaped_vault, v_misc_10, layout_vaults_omnigrid,
          uniq_bai_suzhen
Vaults:4: vaults_dpeg_hooks, nicolae_vaults_triangles,
          nicolae_vaults_trapezoid_layered, v_pattern_2,
          nicolae_vaults_shrinking_rooms_1, nicolae_vaults_diagonal_hallway_8,
          nicolae_vaults_tangram_1, nicolae_vaults_security_offices_2,
          vaults_mumra_minichess, nicolae_vaults_double_plus_1,
          layout_vaults_chaotic_city
Vaults:5: serial_shops
Depths:1: layout_long_grid, pf_coc_iceberg, minmay_misc_feat_cross,
          abyss_entry_flame_altar, kennysheep_generic_room_11
Depths:2: minmay_connected_boxes_in_corner, layout_cave_shapes,
          enter_ziggurat_f, hellmouth_1, serial_shops, shop,
          nicolae_dithmenos_shadow_blocks, rand_demon_pan_entry_8,
          abyss_entry_small_statue_room, minmay_staircase_statues_hall_large
Depths:3: dpeg_oklob_shooting_range, layout_cave_pools, serial_glass,
          glass_columns_b, glass_columns_a, feat_on_display,
          due_unseen_surprise, minmay_strange_pillars, pf_hell_entry_great_geh,
          minmay_room_of_horrors, hangedman_decor_push
Depths:4: grunt_zot_entry_gee_three, layout_cave_shapes, minmay_door_square,
          hell_entry, pan_entry, minmay_three_doors, uniq_boris
Zot:1:    layout_cathedral_of_symmetry, grunt_ministairs_7,
          st_small_dragon_hoard_1, uniq_tiamat, uniq_josephina
Zot:2:    layout_onion
Zot:3:    layout_gridlike
Zot:4:    lemuel_draconian_sentries_small, layout_onion_interference
Zot:5:    layout_gridlike

Skill      XL: |  1  2  3  4  5  6  7  8  9 10 11 12 13 14 15 16 17 18 19 20 21 22 23 24 |
---------------+-------------------------------------------------------------------------+-----
Axes           | 4 5 7 8 9 11 14 15 16 17 18 20 21 | 21.9
Throwing       | 4 6 8 10 11 12 14 15 16 18 21 | 21.2
Armour         | 5 8 10 12 13 14 16 18 19 21 22 24 | 24.7
Evocations     | 1 5 6 7 9 10 | 10.2
Shields        | 2 5 9 13 16 17 19 20 22 23 26 27 | 27.0
Fighting       | 4 7 10 13 16 18 19 20 21 22 23 | 23.0
Dodging        | 3 5 7 9 12 | 12.5

Action                     |  1- 3 |  4- 6 |  7- 9 | 10-12 | 13-15 | 16-18 | 19-21 | 22-24 || total
---------------------------+-------+-------+-------+-------+-------+-------+-------+-------++-------
  Melee: Hand axe          |    75 |    73 |   199 |   182 |       |       |       |       ||   529
         Headbutt          |    13 |    15 |    49 |   102 |   241 |   240 |   347 |   375 ||  1382
         Punch             |     1 |     2 |     3 |     7 |       |       |       |       ||    13
         Unarmed           |       |     2 |       |       |       |       |       |       ||     2
         War axe           |       |       |       |   276 |   577 |       |       |       ||   853
         Trident           |       |       |       |       |     8 |     2 |       |       ||    10
         Broad axe         |       |       |       |       |   351 |   993 |  1224 |  1172 ||  3740
         Spear             |       |       |       |       |       |       |    16 |       ||    16
  Throw: Boomerang         |       |     3 |    32 |   308 |    87 |   168 |       |       ||   598
         Dart              |       |       |       |    15 |    38 |    23 |    86 |     7 ||   169
         Javelin           |       |       |       |       |   191 |    76 |     1 |     1 ||   269
         Stone             |       |       |       |       |    17 |    21 |    20 |   189 ||   247
 Invoke: Berserk           |       |       |     2 |     2 |     3 |     2 |     2 |     3 ||    14
         Trog's Hand       |       |       |       |     3 |     2 |    12 |    14 |    13 ||    44
         Brothers in Arms  |       |       |       |       |       |       |       |     1 ||     1
Ability: Evoke Blink       |       |       |       |       |       |     1 |     2 |       ||     3
  Evoke: Wand              |       |       |       |       |     4 |     4 |     9 |     3 ||    20
         Phial of floods   |       |       |       |       |       |     2 |     1 |     1 ||     4
         Phantom mirror    |       |       |       |       |       |       |     1 |     1 ||     2
    Use: Scroll            |       |     2 |     6 |     3 |     8 |    15 |    13 |    22 ||    69
         Potion            |       |       |       |     3 |     2 |     2 |     2 |    15 ||    24
   Stab: Distracted        |       |       |       |       |       |       |       |     3 ||     3
 Armour: Plate armour      |    50 |    29 |    58 |   191 |    29 |       |       |       ||   357
         Crystal plate arm |       |       |       |       |   347 |   441 |   438 |    10 ||  1236
         Gold dragon scale |       |       |       |       |       |       |       |   460 ||   460
  Dodge: Dodged            |    26 |    25 |    66 |   155 |   155 |   162 |   219 |   283 ||  1091
  Block: Buckler           |       |       |       |     7 |       |       |       |       ||     7
         Kite shield       |       |       |       |       |   361 |       |       |   495 ||   856
         Reflection        |       |       |       |       |    17 |    53 |   174 |    79 ||   323
         Tower shield      |       |       |       |       |   271 |   988 |  1206 |   430 ||  2895
